 Dungeon Crawl Stone Soup version 0.31-a0-236-g9a0961fb85 (webtiles) character file.

Game seed: 11964276320581454990

81 qw the Shooter (level 4, -1/26 HPs)
             Began as a Gargoyle Hexslinger on July 10, 2023.
             Slain by a gnoll
             ... wielding a +2 flail of holy wrath
              (5 damage)
             ... on level 2 of the Dungeon.
             The game lasted 00:00:28 (853 turns).

qw the Shooter (Gargoyle Hexslinger)                 Turns: 853, Time: 00:00:29

Health: -1/26      AC:  5    Str: 11    XL:     4   Next: 40%
Magic:  5/5        EV: 17    Int: 14    God:
Gold:   128        SH:  0    Dex: 14    Spells: 4/5 levels left

rFire   . . .        Y - +1 sling
rCold   . . .        (no shield)
rNeg    + . .        c - +0 robe
rPois   inf          (no helmet)
rElec   +            (no cloak)
rCorr   .            (no gloves)
SInv    .            (no boots)
Will    .....        (no amulet)
Stlth   +            e - +5 ring of evasion
HPRegen 0.24/turn    (no ring)
MPRegen 0.09/turn

%: no passive effects
@: no status effects
A: sickness immunity, AC +3, negative energy resistance 1, electricity
resistance, torment resistance 1, petrification resistance
a: no special abilities


You were on level 2 of the Dungeon.
You visited 1 branch of the dungeon, and saw 2 of its levels.

You collected 128 gold pieces.


Innate Abilities, Weirdness & Mutations

You are immune to sickness and miasma.
Your stone body is resilient. (AC +3)
You are immune to poison.
You resist negative energy. (rN+)
You are resistant to electric shocks. (rElec)
You are resistant to unholy torment.
You are immune to petrification.


   Skills:
 - Level 2.2 Fighting
 + Level 4.1 Ranged Weapons
 - Level 1.5 Dodging
 - Level 1.0 Spellcasting
 - Level 2.6 Hexes


You had 4 spell levels left.
You knew the following spells:

 Your Spells              Type           Power      Damage    Failure   Level
a - Slow                  Hex            32%        N/A       9%          1

Your spell library contained the following spells:

 Spells                   Type           Power      Damage    Failure   Level
 Inner Flame              Hex/Fire       4%         N/A       41%         3
 Portal Projectile        Hex/Tloc       8%         N/A       41%         3
 Cause Fear               Hex            4%         N/A       65%         4

Inventory:

Hand Weapons
 Y - a +1 sling (weapon)
Armour
 c - a +0 robe (worn)
 g - a +0 ring mail
Jewellery
 e - a +5 ring of evasion (left hand)
Scrolls
 a - 4 scrolls of identify
 b - a scroll of revelation {unknown}
 d - a scroll of brand weapon {unknown}
 i - a scroll of blinking {unknown}
 j - a scroll of teleportation {unknown}
Potions
 f - a potion of heal wounds {unknown}
 h - a potion of enlightenment {unknown}

Dungeon Overview and Level Annotations

Branches:
Dungeon (2/15)

Altars:


Message History

Enter note:
Enter note:
Enter note: You shoot a sling bullet.
The sling bullet barely misses the gnoll.
You hear a shout!
A gnoll comes into view.
It is wielding a +2 flail of holy wrath.
You shoot a sling bullet.
The sling bullet barely misses the gnoll.
You shoot a sling bullet.
The sling bullet barely misses the gnoll.
You shoot a sling bullet. The sling bullet hits the gnoll.
The gnoll is moderately wounded.
You shoot a sling bullet.
The sling bullet hits the gnoll but does no damage.
The gnoll is moderately wounded.
You shoot a sling bullet. The sling bullet hits the gnoll.
The gnoll is severely wounded.
You shoot a sling bullet. The sling bullet hits the gnoll.
The gnoll is almost dead.
The gnoll misses you. The gnoll completely misses you.
You shoot a sling bullet. The sling bullet hits the gnoll!
You kill the gnoll!
The gnoll completely misses you. The gnoll hits you with a +0 flail.
Your Ranged Weapons skill increases to level 4!
You shoot a sling bullet. The sling bullet hits the gnoll.
The gnoll is moderately wounded.
The gnoll misses you. The gnoll hits you with a +0 flail.
You shoot a sling bullet.
The sling bullet barely misses the gnoll.
The gnoll misses you. The gnoll barely misses you.
The gnoll hits you with a +2 flail of holy wrath!
The gnoll barely misses you.
You shoot a sling bullet. The sling bullet hits the gnoll.
The gnoll is heavily wounded.
The gnoll closely misses you. The gnoll hits you with a +0 flail!
You shoot a sling bullet. The sling bullet hits the gnoll.
The gnoll is severely wounded.
The gnoll hits you with a +2 flail of holy wrath.
You die...

.#...................#.##
#.#.................#.##
##.#...#..#.#..#...#.###
..#.######...######.#..
##.#...#..#.#..#...#.###
#.#....8.......8...(#.#
.#...................#.#
#.....8.........8g....#.
................@).....#
.......8.......8.g......
....................%...
..%.................:...
..<...................[.
......#####<..##########
......# ###.... #######
######


You could see 2 gnolls.

Vanquished Creatures
  A gnoll (D:2)
  4 adders (D:2)
  A ball python (D:1)
  3 endoplasms
  2 giant cockroaches (D:1)
  4 goblins (D:1)
  A hobgoblin (D:1)
  4 jackals (D:2)
  3 quokkas
  5 bats
  A frilled lizard (D:1)
  5 rats
34 creatures vanquished.

Notes
Turn   | Place    | Note
-------+----------+-------------------------------------------
     0 | D:1      | qw the Gargoyle Hexslinger began the quest for the Orb.
     0 | D:1      | Reached XP level 1. HP: 12/12 MP: 2/2
     0 | D:1      | 0 ||| qw: Version: 0.3-a-52-g30416fa
     0 | D:1      | 0 ||| qw: Game counter: 4876
     0 | D:1      | 0 ||| qw: Melee chars always use a shield: true
     0 | D:1      | 0 ||| qw: God list: Okawaru
     0 | D:1      | 0 ||| qw: Allow faded altars: false
     0 | D:1      | 0 ||| qw: Do Orc after clearing Dungeon:15 true
     0 | D:1      | 0 ||| qw: Do second Lair branch before Depths: true
     0 | D:1      | 0 ||| qw: Lair rune preference: random
     0 | D:1      | 0 ||| qw: Goals: Normal
     0 | D:1      | 0 ||| PLANNING D:1-11
    69 | D:1      | Reached XP level 2. HP: 16/16 MP: 3/3
   194 | D:1      | Reached skill level 3 in Ranged Weapons
   342 | D:1      | Found a faded altar of an unknown god.
   514 | D:1      | 514 ||| UPGRADING to +5 ring of evasion.
   515 | D:1      | 515 ||| READING 4 scrolls labelled ILUHYZ AWACHOM.
   516 | D:1      | 516 ||| READING 3 scrolls labelled UFINANLENLU.
   517 | D:1      | 517 ||| DROPPING scroll of poison.
   518 | D:1      | 518 ||| DROPPING 2 scrolls of immolation.
   530 | D:2      | Reached XP level 3. HP: 21/21 MP: 4/4
   657 | D:2      | Reached XP level 4. HP: 26/26 MP: 5/5
   850 | D:2      | Reached skill level 4 in Ranged Weapons
   852 | D:2      | HP: 3/26 [gnoll/+0 flail (7)]
   853 | D:2      | Slain by a gnoll

Levels and vault maps discovered:
D:1:      lemuel_arrival_river_ford, layout_rooms,
          hellmonk_ecumenical_altar_pennies_from_heaven
D:2:      wad_pebble_path, layout_rooms

Skill      XL: |  1  2  3  4 |
---------------+-------------+-----
Ranged Weapons | 3 4 |  4.1
Fighting       | 2 |  2.2
Dodging        | |  1.5
Spellcasting   | |  1.0
Hexes          | |  2.6

Action                     |  1- 3 |  4- 6 || total
---------------------------+-------+-------++-------
   Fire: Sling             |    86 |    36 ||   122
    Use: Scroll            |     2 |       ||     2
 Armour: Robe              |    10 |     3 ||    13
  Dodge: Dodged            |    40 |    23 ||    63

Table legend:
 A = Non-vault XP
 B = Vault XP
 C = Vault XP percentage of total XP
 D = Non-vault monster count
 E = Vault monster count
 F = Vault count percentage of total count
                 A         B        C        D         E       F
            +---------+---------+-------+---------+---------+-------
      Total |     116 |       0 |   0.0 |      34 |       0 |   0.0
            +---------+---------+-------+---------+---------+-------
        D:1 |      27 |       0 |   0.0 |      17 |       0 |   0.0
        D:2 |      89 |       0 |   0.0 |      17 |       0 |   0.0
            +---------+---------+-------+---------+---------+-------
